 Dungeon Crawl Stone Soup version 0.30-a0-42-g806c11bf1d (webtiles) character file.

Game seed: 3823283471639416337

114 porpoise the Trooper (level 4, -4/34 (37) HPs)
             Began as a Barachi Arcane Marksman on Aug 31, 2022.
             Slain by a wight
             ... wielding a +0 trident
              (8 damage)
             ... on level 4 of the Dungeon.
             The game lasted 00:09:10 (3810 turns).

porpoise the Trooper (Barachi Arcane Marksman)      Turns: 3810, Time: 00:09:10

HP:   -4/34 (37)    AC:  5    Str: 11    XL:     4   Next: 97%
MP:   5/5           EV: 10    Int: 13    God:
Gold: 172           SH:  0    Dex: 15    Spells: 4/5 levels left

rFire   . . .      SeeInvis .    b - +1 dagger (drain)
rCold   . . .      Faith    .    (no shield)
rNeg    . . .      Spirit   .    f - +0 ring mail
rPois   .          Reflect  .    (no helmet)
rElec   .          Harm     .    (no cloak)
rCorr   .          Rampage  .    (no gloves)
Will    .....                    (no boots)
Stlth   +.........               (no amulet)
HPRegen 0.11/turn                (no ring)
MPRegen 0.09/turn                (no ring)

@: drained, slow
A: amphibious, slowness 1, strong legs 1, +LOS
a: Hop


You were on level 4 of the Dungeon.
You visited 1 branch of the dungeon, and saw 4 of its levels.

You collected 172 gold pieces.

Inventory:

Hand Weapons
 a - a +1 sling
 b - a +1 dagger of draining (weapon)
 n - a +2 vorpal hand axe
Missiles
 k - 2 poisoned darts
 l - 5 boomerangs
Armour
 f - a +0 ring mail (worn)
Jewellery
 i - a ring of see invisible
Scrolls
 e - a scroll of poison
 j - a scroll of teleportation
Potions
 c - 3 potions of magic
 d - a potion of invisibility
 h - a potion of curing
 m - a potion of brilliance {unknown}


   Skills:
 + Level 3.9 Fighting
 + Level 3.7 Ranged Weapons
 - Level 2.1 Dodging
 - Level 1.1 Spellcasting
 - Level 3.2 Hexes


You had 4 spell levels left.
You knew the following spells:

 Your Spells              Type           Power      Damage    Failure   Level
a - Slow                  Hex            36%        N/A       19%         1

Your spell library contained the following spells:

 Spells                   Type           Power      Damage    Failure   Level
 Inner Flame              Hex/Fire       4%         N/A       71%         3
 Portal Projectile        Hex/Tloc       8%         N/A       71%         3
 Cause Fear               Hex            4%         N/A       87%         4


Dungeon Overview and Level Annotations

Branches:
Dungeon (4/15)
 Temple: D:4-7

Altars:

Shops:
D:2 (:


Innate Abilities, Weirdness & Mutations

You are amphibious.
You cover ground slowly.
You can hop short distances.
You have an extended range of vision and can be seen from far away.


Message History

As you read the scroll of identify, it crumbles to dust.
d - a potion of invisibility
As you read the scroll of identify, it crumbles to dust.
h - a potion of curing
As you read the scroll labelled WEGANUALAE, it crumbles to dust.
You feel strangely unstable.
It was a scroll of teleportation.
You climb upwards.
There is a stone staircase leading down here.
Your surroundings suddenly seem different.
(D) Dungeon
Where to? (Enter - D:4, ? - help)
There is a stone staircase leading down here.
You climb downwards.
You hear the hiss of flowing sand.
There is an entrance to an ossuary on this level.
Hurry and find it before the portal is buried!
You hear the slow hiss of a very distant avalanche of sand.
There is a stone staircase leading up here.
You hear the slow hiss of a very distant avalanche of sand.
You open the door.
A wight comes into view. It is wielding a +0 trident.
The wight closely misses you. The wight hits you with a +0 trident.
You hit the wight but do no damage. The wight hits you with a +0 trident.
You feel drained.
You barely miss the wight. The wight hits you with a +0 trident.
You are too injured to fight recklessly!
You are too injured to fight recklessly!
You hit the wight but do no damage. The wight hits you with a +0 trident!
* * * LOW HITPOINT WARNING * * *
You closely miss the wight. The wight hits you with a +0 trident.
* * * LOW HITPOINT WARNING * * *
You feel drained.
* * * LOW HITPOINT WARNING * * *
You hit the wight.
The wight is moderately damaged.
The wight closely misses you.
You barely miss the wight.
The wight is moderately damaged.
The wight hits you with a +0 trident!
You die...

#.###############
#................
#.###############
#.# #.# #.#
#.##########
####.#.........
+..@z..........
####+#'#.......
.....######
...........#
........###<#
.........# ###
#.......z...
#........####
#.........


You could see a wight.

Vanquished Creatures
  6 adders
  2 worms (D:2)
  5 orcs (D:3)
  3 ball pythons
  An endoplasm (D:2)
  A giant cockroach (D:1)
  3 goblins (D:2)
  4 hobgoblins
  2 jackals (D:2)
  3 kobolds (D:2)
  A quokka (D:3)
  9 bats
  10 frilled lizards
  4 rats
54 creatures vanquished.

Vanquished Creatures (others)
  3 fungi (D:2)
  4 plants (D:2)
7 creatures vanquished.

Grand Total: 61 creatures vanquished

Notes
Turn   | Place    | Note
-------+----------+-------------------------------------------
     0 | D:1      | porpoise the Barachi Arcane Marksman began the quest for
                  | the Orb.
     0 | D:1      | Reached XP level 1. HP: 15/15 MP: 2/2
   596 | D:1      | Reached XP level 2. HP: 22/22 MP: 3/3
  1648 | D:2      | Reached XP level 3. HP: 21/28 MP: 4/4
  1739 | D:2      | Found Omamykho's Book Emporium.
  2201 | D:2      | Reached XP level 4. HP: 23/35 MP: 5/5
  2322 | D:2      | Found Umuops's Weapon Shop.
  2459 | D:2      | Found a faded altar of an unknown god.
  3810 | D:4      | Slain by a wight

Illustrated notes

Levels and vault maps discovered:
D:1:      saegor_arrival_simple_b, layout_basic, serial_forest,
          infiniplex_forest_corner_1, infiniplex_forest_clump_medium,
          infiniplex_forest_lined_2, infiniplex_forest_lined_room_3,
          infiniplex_forest_clump_tiny
D:2:      layout_basic, dreamdust_ecumenical_altar_grove, serial_shops, shop,
          nicolae_shop_bloodbath_and_beyond, minmay_split_cup_small
D:3:      layout_basic, nicolae_elevator_lobby_plus
D:4:      layout_basic, lemuel_temple_firewalk_b, enter_ossuary_4,
          dreamdust_wishing_well, nicolae_shop_clearance, uniq_pikel, uniq_robin

Skill      XL: |  1  2  3 |
---------------+----------+-----
Fighting       | 2 3 |  3.9
Ranged Weapons | 3 |  3.7
Dodging        | |  2.1
Spellcasting   | |  1.1
Hexes          | |  3.2

Action                   |  1- 3 |  4- 6 || total
-------------------------+-------+-------++-------
Melee: Short sword       |    17 |       ||    17
       Dagger            |       |    75 ||    75
 Fire: Sling             |   108 |    23 ||   131
  Use: Scroll            |       |     4 ||     4
Armor: Ring mail         |    35 |    32 ||    67
Dodge: Dodged            |    44 |    41 ||    85

Table legend: (Time is in decaauts)
 A = Elapsed time spent in this place.
 B = Non-inter-level travel time spent in this place.
 C = Inter-level travel time spent in this place.
 D = Time resting spent in this place.
 E = Time spent auto-exploring this place.
 F = Levels seen in this place.
 G = Mean time per level.
                   A        B        C        D        E       F      G
               +--------+--------+--------+--------+--------+-----+--------+
         Total |   4281 |   4026 |    255 |    924 |   2600 |   4 | 1070.2 |
       Dungeon |   4281 |   4026 |    255 |    924 |   2600 |   4 | 1070.2 |
               +--------+--------+--------+--------+--------+-----+--------+

Top non-repeatable levels by time:
     D:1: 1505 daAuts
     D:2: 1499 daAuts
     D:3: 1202 daAuts
     D:4: 73 daAuts
